 Dungeon Sprint DCSS version 0.30.1 (webtiles) character file.

Game seed: 17904634675153675162

457 Groucho the Ruffian (level 6, -6/66 HPs)
             Began as a Troll Transmuter on July 9, 2023.
             Was a Follower of Sif Muna.
             Mangled by a two-headed ogre
             ... wielding a +0 giant club
              (26 damage)
             ... in the Dungeon (Sprint IX: "|||||||||||||||||||||||||||||").
             The game lasted 00:01:19 (345 turns).

Groucho the Ruffian (Troll Transmuter)               Turns: 345, Time: 00:01:19

Health: -6/66      AC:  5    Str: 22    XL:     6   Next: 77%
Magic:  9/11       EV: 13    Int:  9    God:    Sif Muna [*.....]
Gold:   0          SH:  0    Dex: 12    Spells: 12/13 levels left

rFire   . .          .
                       - Unarmed
rCold   . . .        (no shield)
rNeg    . . .        a - +0 robe
rPois   .            (helmet restricted)
rElec   .            l - +0 cloak
rCorr   .            (gloves unavailable)
SInv    .            (boots unavailable)
Will    .....        (no amulet)
Stlth   +            n - +3 ring of strength
HPRegen 1.11/turn    o - +2 ring of evasion
MPRegen 0.12/turn

%: no teleportation
@: no status effects
A: large, unfitting armour, claws 3, regeneration 1, shaggy fur 1, tough skin 1
a: Renounce Religion, Channel Magic


You were in the Dungeon.
You worshipped Sif Muna.
Sif Muna was aware of your devotion.
You visited 1 branch

Inventory:

Hand Weapons
 m - the +7 lajatang of Order {silver, rMut}
   (You found it in the Dungeon)

   rMut:      It protects you from mutation.
Armour
 a - a +0 robe (worn)
 l - a +0 cloak (worn)
Jewellery
 n - a +3 ring of strength (left claw)
 o - a +2 ring of evasion (right claw)
Wands
 k - a wand of quicksilver (10)
Scrolls
 h - 2 scrolls of blinking
 j - 2 scrolls of amnesia
Potions
 b - a potion of lignification
 c - 5 potions of curing
 d - a potion of heal wounds
 e - a potion of haste
 f - 4 potions of magic
 g - a potion of berserk rage
 i - a potion of invisibility


   Skills:
 + Level 5.1 Fighting
 + Level 5.3 Dodging
 + Level 6.8 Unarmed Combat
 + Level 4.1 Spellcasting
 + Level 4.9 Transmutations
 + Level 3.8 Invocations


You had 12 spell levels left.
You knew the following spells:

 Your Spells              Type           Power      Damage    Failure   Level
a - Beastly Appendage     Tmut           20%        N/A       3%          1

Your spell library contained the following spells:

 Spells                   Type           Power      Damage    Failure   Level
 Wereblood                Tmut           10%        N/A       5%          2
 Spider Form              Tmut/Pois      6%         N/A       28%         3
 Ice Form                 Ice/Tmut       6%         N/A       67%         4


Dungeon Overview and Level Annotations

Branches:
Dungeon (1/1)

Altars:
Cheibriados
Dithmenos
Elyvilon
Fedhas
Gozag
Hepliaklqana
Kikubaaqudgha
Makhleb
Nemelex Xobeh
Okawaru
Qazlal
Ru
Sif Muna
Trog
Uskayaw
Vehumet
Wu Jian
Xom
Yredelemnul
Zin
The Shining One
Jiyva
Lugonu


Innate Abilities, Weirdness & Mutations

You are too large for most types of armour.
You have claws for hands.
Your natural rate of healing is unusually fast.
You are covered in fur. (AC +1)
You have tough skin. (AC +1)


Message History

Unknown command.
Unknown command.
You scratch the yak.
The yak is almost dead.
Unknown command.
You scratch the yak but do no damage.
The yak is almost dead.
The yak gores you!
* * * LOW HITPOINT WARNING * * *
Unknown command.
You feel much better. The yak gores you.
* * * LOW HITPOINT WARNING * * *
You claw the yak!
You kill the yak!
Sif Muna accepts your kill.
You can now call upon Sif Muna for magical energy.
Your Fighting skill increases to level 5!
Your Dodging skill increases to level 5!
Your Spellcasting skill increases to level 4!
Unknown command.
You claw the two-headed ogre!
The two-headed ogre is moderately wounded.
The two-headed ogre barely misses you.
The two-headed ogre hits you with a +0 giant club!
* * * LOW HITPOINT WARNING * * *
You feel much better.
You scratch the two-headed ogre.
The two-headed ogre is moderately wounded.
The two-headed ogre misses you. The two-headed ogre closely misses you.
You scratch the two-headed ogre.
The two-headed ogre is moderately wounded.
The two-headed ogre hits you with a +0 giant club!
* * * LOW HITPOINT WARNING * * *
The two-headed ogre barely misses you.
You claw the two-headed ogre!
The two-headed ogre is heavily wounded.
You scratch the two-headed ogre but do no damage.
The two-headed ogre is heavily wounded.
The two-headed ogre hits you with a +0 giant club!!
You die...

▓+▓
▓.▓
▓.▓
▓.▓
▓y▓
▓c▓
▓O▓
▓@▓
▓.▓
▓.▓
▓[▓
▓.▓
▓[▓
▓.▓
▓)▓
▓.▓


You could see a two-headed ogre, a vampire mosquito and a centaur.

Vanquished Creatures
  A yak (D)
  A wyvern (D)
  A scorpion (D)
  A howler monkey (D)
  2 hounds (D)
  2 orcs (D)
  A hobgoblin (D)
  A jackal (D)
  3 ball pythons (D)
13 creatures vanquished.

Notes
Turn   | Place    | Note
-------+----------+-------------------------------------------
     0 | D        | Groucho the Troll Transmuter began the quest for the Orb.
     0 | D        | Reached XP level 1. HP: 18/18 MP: 1/1
    12 | D        | Reached skill level 1 in Fighting
    29 | D        | Noticed a hound
    29 | D        | Noticed a hound
    29 | D        | Noticed a scorpion
    35 | D        | Killed a scorpion
    36 | D        | Reached skill level 4 in Unarmed Combat
    36 | D        | Reached XP level 2. HP: 19/29 MP: 4/4
    36 | D        | Reached XP level 3. HP: 23/36 MP: 5/5
    39 | D        | Reached XP level 4. HP: 26/45 MP: 6/6
    48 | D        | Reached skill level 5 in Unarmed Combat
   261 | D        | Found a snail-covered altar of Cheibriados.
   261 | D        | Found a shadowy altar of Dithmenos.
   261 | D        | Found a white marble altar of Elyvilon.
   261 | D        | Found a blossoming altar of Fedhas.
   261 | D        | Found an opulent altar of Gozag.
   262 | D        | Found a hazy altar of Hepliaklqana.
   263 | D        | Found a viscous altar of Jiyva.
   264 | D        | Found an ancient bone altar of Kikubaaqudgha.
   265 | D        | Found a corrupted altar of Lugonu.
   266 | D        | Found a burning altar of Makhleb.
   267 | D        | Found a sparkling altar of Nemelex Xobeh.
   268 | D        | Found an iron altar of Okawaru.
   269 | D        | Found a stormy altar of Qazlal.
   270 | D        | Found a sacrificial altar of Ru.
   271 | D        | Found a shimmering blue altar of Sif Muna.
   272 | D        | Found a bloodstained altar of Trog.
   273 | D        | Found a hide-covered altar of Uskayaw.
   274 | D        | Found a radiant altar of Vehumet.
   275 | D        | Found an ornate altar of the Wu Jian Council.
   276 | D        | Found a shimmering altar of Xom.
   277 | D        | Found a basalt altar of Yredelemnul.
   278 | D        | Found a glowing silver altar of Zin.
   279 | D        | Became a worshipper of Sif Muna the Loreminder
   280 | D        | Found a glowing golden altar of the Shining One.
   288 | D        | Found the +7 lajatang of Order {silver, rMut}
   319 | D        | Noticed a vampire mosquito
   319 | D        | Noticed a centaur
   319 | D        | Noticed a two-headed ogre
   319 | D        | Noticed a yak
   319 | D        | Noticed a wyvern
   323 | D        | Reached skill level 1 in Invocations
   323 | D        | Reached XP level 5. HP: 54/54 MP: 8/8
   328 | D        | Killed a wyvern
   329 | D        | Reached skill level 6 in Unarmed Combat
   329 | D        | Reached XP level 6. HP: 34/63 MP: 8/10
   339 | D        | Killed a yak
   339 | D        | Reached * piety under Sif Muna
   340 | D        | Reached skill level 5 in Fighting
   340 | D        | Reached skill level 5 in Dodging
   345 | D        | Mangled by a two-headed ogre

Illustrated notes

Levels and vault maps discovered:
D:        linesprint [early_d, line_temple, items_1, d_10, items_2, lair_1,
          lair_end, items_3, orc_1, orc_end, items_4, d_15, swamp_1, shoals_1,
          snake_1, spider_1, d_20, vaults_1, items_5, swamp_end, shoals_end,
          snake_end, spider_end, vaults_end, d_27, items_6, zot_1, zot_end,
          crypt_end, forest_end, elf_end, slime_end, tomb_end, abyss_end,
          pan_hell_end]

Skill      XL: |  1  2  3  4  5  6 |
---------------+-------------------+-----
Fighting       | 2 3 4 5 |  5.1
Dodging        | 3 4 5 |  5.3
Unarmed Combat | 4 5 6 |  6.8
Spellcasting   | 2 3 4 |  4.1
Transmutations | 2 3 4 |  4.9
Invocations    | 1 3 |  3.8

Action                     |  1- 3 |  4- 6 || total
---------------------------+-------+-------++-------
  Melee: Unarmed           |    22 |    31 ||    53
         Punch             |       |     1 ||     1
    Use: Potion            |       |     2 ||     2
 Armour: Robe              |     5 |     2 ||     7
  Dodge: Dodged            |    11 |    17 ||    28
